 Dungeon Crawl Stone Soup version 0.31-a0-523-g071a6c1ffa (webtiles) character file.

Game seed: 598080591608121430

12895 mopl the Cleaver (level 12, 0/104 HPs)
             Began as a Hill Orc Fighter on Aug 11, 2023.
             Was an Elder of Beogh.
             Constricted to death by an anaconda (3 damage)
             ... on level 11 of the Dungeon.
             The game lasted 00:14:50 (9960 turns).

mopl the Cleaver (Hill Orc Fighter)                 Turns: 9960, Time: 00:14:51

Health: 0/104      AC: 17    Str: 20    XL:     12   Next: 0%
Magic:  17/18      EV: 11    Int:  8    God:    Beogh [****..]
Gold:   110        SH:  0    Dex: 14    Spells: 10/11 levels left

rFire   . . .        a - +5 battleaxe (freeze)
rCold   + . .        (shield currently unavailable)
rNeg    + . .        p - +0 steam dragon scales
rPois   .            g - +0 helmet
rElec   .            l - +0 cloak
rCorr   .            R - +0 pair of gloves
SInv    +            M - +1 pair of boots
Will    .....        h - amulet of the acrobat
Stlth   +            f - +4 ring of protection
HPRegen 0.37/turn    e - ring "Oraelom" {+Blink rC+ rN+ SInv}
MPRegen 0.16/turn

%: acrobat
@: mighty, constricted
A: no striking features
a: Renounce Religion, Evoke Blink, Smiting, Recall Orcish Followers


You were on level 11 of the Dungeon.
You worshipped Beogh.
Beogh was greatly pleased with you.
You visited 1 branch of the dungeon, and saw 11 of its levels.
You also visited: Ossuary.

You collected 890 gold pieces.
You spent 780 gold pieces at shops.

Inventory:

Hand Weapons
 a - a +5 battleaxe of freezing (weapon)
 b - a +0 spear of venom
Missiles
 x - 2 boomerangs
 z - 35 poisoned darts (quivered)
 I - 5 curare-tipped darts
 N - 4 javelins
Armour
 g - a +0 helmet (worn)
 l - a +0 cloak (worn)
 p - +0 steam dragon scales (worn)
 v - a +0 scale mail of cold resistance
 G - a +0 ring mail of poison resistance
 M - a +1 pair of boots (worn)
 R - a +0 pair of gloves (worn)
Jewellery
 e - the ring "Oraelom" (right hand) {+Blink rC+ rN+ SInv}
   (You acquired it on level 11 of the Dungeon)

   [ring of see invisible]

   rC+:       It protects you from cold.
   rN+:       It protects you from negative energy.
   SInv:      It lets you see invisible.
   +Blink:    It lets you blink.
 f - a +4 ring of protection (left hand)
 h - an amulet of the acrobat (around neck)
 n - a +5 ring of evasion
 B - a ring of positive energy
 L - a ring of fire
 Q - the ring of the Kangaroo {Drain rElec rN+ Str+9 Dex-3}
   (You found it on level 9 of the Dungeon)

   [ring of positive energy]

   Str+9:     It affects your strength (+9).
   Dex-3:     It affects your dexterity (-3).
   rElec:     It insulates you from electricity.
   rN+:       It protects you from negative energy.
   Drain:     It drains your maximum health when unequipped.
Talismans
 T - a talisman of death
Wands
 j - a wand of iceblast (13)
 y - a wand of charming (15)
 E - a wand of flame (28)
 U - a wand of mindburst (16)
 V - a wand of quicksilver (9)
 Y - a wand of digging (5)
Scrolls
 k - 4 scrolls of teleportation
 m - 2 scrolls of vulnerability
 o - 3 scrolls of revelation
 r - 3 scrolls of immolation {unknown}
 t - 2 scrolls of blinking {unknown}
 A - 2 scrolls of poison {unknown}
 D - a scroll of torment {!r}
 H - 3 scrolls of enchant weapon
 O - 2 scrolls of amnesia {unknown}
 S - 4 scrolls of fog
 W - a scroll of butterflies
 Z - a scroll of fear
Potions
 c - 3 potions of enlightenment
 d - 2 potions of might
 i - 11 potions of curing {unknown}
 q - 5 potions of mutation {!q}
 s - a potion of ambrosia
 w - 4 potions of lignification {!q}
 C - a potion of berserk rage {!q}
 F - 3 potions of heal wounds
 J - 2 potions of haste
 K - 4 potions of brilliance
 P - a potion of magic
 X - a potion of cancellation


   Skills:
 + Level 9.3 Fighting
 * Level 13.1 Axes
 + Level 5.4 Throwing
 + Level 8.5 Armour
 + Level 5.7 Dodging
 - Level 3.2 Shields
 + Level 8.0 Invocations
 + Level 5.7 Evocations


You had 10 spell levels left.
You knew the following spells:

 Your Spells              Type           Power      Damage    Failure   Level
a - Apportation           Tloc           0%         N/A       41%         1

Your spell library contained the following spells:

 Spells                   Type           Power      Damage    Failure   Level
 Ensorcelled Hibernation  Hex/Ice        0%         N/A       54%         2
 Dazzling Flash           Conj/Hex       0%         N/A       78%         3
 Ozocubu's Armour         Ice            0%         N/A       78%         3
 Volatile Blastmotes      Fire/Tloc      0%         2d10      78%         3
 Anguish                  Hex/Necr       0%         N/A       99%         4
 Summon Ice Beast         Ice/Summ       0%         N/A       99%         4
 Alistair's Intoxication  Tmut/Pois      0%         N/A       100%        5
 Metabolic Englaciation   Hex/Ice        0%         N/A       100%        5
 Summon Mana Viper        Hex/Summ       0%         N/A       100%        5
 Simulacrum               Ice/Necr       0%         N/A       100%        6
 Starburst                Conj/Fire      0%         6d3       100%        6
 Monstrous Menagerie      Summ           0%         N/A       100%        7
 Maxwell's Capacitive Co  Air            0%         ∞         100%        8


Dungeon Overview and Level Annotations

Branches:
Dungeon (11/15)            Temple (0/1) D:5            Lair (0/5) D:11
Ossuary (visited)
    Orc: D:9-12

Altars:
Ashenzari
Dithmenos
Hepliaklqana
Qazlal
Sif Muna
Uskayaw
Wu Jian
Xom
Zin

Shops:
D:1 [   D:7 !   D:10 ?


Message History

Your orc sorcerer barely misses the anaconda.
You miss the anaconda.
The anaconda is lightly wounded.
The anaconda barely misses your orc sorcerer.
The anaconda constricts you. The anaconda barely misses you.
The anaconda constricts you. The merfolk closely misses you.
Your orc sorcerer points at the anaconda and mumbles some strange words.
The bolt of negative energy hits the anaconda!!!
The anaconda is drained!
The bolt of negative energy misses the anaconda.
The bolt of negative energy hits the skyshark!!
The skyshark is drained!
You slice the anaconda!! You freeze the anaconda!
You kill the anaconda!
Beogh accepts your kill. The anaconda grabs you. The anaconda bites you.
The anaconda constricts you. The merfolk closely misses you.
Your orc sorcerer barely misses the anaconda.
You have reached level 12!
You barely miss the anaconda.
The anaconda bites you but does no damage.
The anaconda constricts you. The anaconda bites you.
The anaconda constricts you.
The merfolk hits you from afar with a +5 trident!
* * * LOW HITPOINT WARNING * * *
Your orc sorcerer hits the anaconda with a +0 dagger.
You slash the anaconda!
The anaconda seems to slow down.
You freeze the anaconda.
The anaconda is moderately wounded.
The anaconda bites you but does no damage.
The anaconda constricts you.
The merfolk hits you from afar with a +5 trident!
* * * LOW HITPOINT WARNING * * *
Your orc sorcerer misses the anaconda.
The anaconda's grasp on you weakens, but your attempt to escape fails.
The anaconda is no longer moving slowly.
The anaconda bites you!
* * * LOW HITPOINT WARNING * * *
The anaconda constricts you.
You die...

# #.# #.# # # #.### #.# # # #o..#
#[# # ###.# #####.# #.# ##.....##
#.####...##.># #.##.......#.# #
#########'##.......#'## #
#.............@o......# #
###...........###S###...# ####
#.'...........#..Sm.#...######.oo
).#..[........#.El⌠.#...o...o.o##
###########'#.#.....#...#########
##...#.⌠.⌠.#...# #
#...##.S...##.###
##.#.#≈≈≈~≈≈≈#...#
#..#.#≈≈≈~≈≈≈#.#.#


You could see a skyshark, 2 anacondas, a merfolk and a friendly orc sorcerer
(invisible).

Vanquished Creatures
  A hydra (D:9)
  Harold (D:10)
  An anaconda (D:11)
  A boulder beetle (D:11)
  2 two-headed ogres
  Pikel (D:8)
  A cyclops (D:9)
  An oklob plant (D:10)
  Joseph (D:7)
  A gargoyle (D:11)
  An unseen horror (D:11)
  Psyche (D:10)
  Grinder (D:6)
  Prince Ribbit (D:6)
  A hornet (D:8)
  2 dream sheep (D:9)
  2 wyverns (D:11)
  9 yaks
  2 basilisks (D:11)
  A steam dragon (D:9)
  2 vampire mosquitoes (D:11)
  An acid dragon (D:7)
  A water moccasin (D:4)
  A floating eye (D:10)
  2 sky beasts
  A swamp drake (D:11)
  2 black bears (D:5)
  An ogre (D:5)
  2 centaurs
  3 phantoms
  5 kobold brigands
  3 bullfrogs
  A gnoll sergeant (D:9)
  2 scorpions (D:5)
  5 wights
  4 killer bees (D:10)
  3 howler monkeys
  A jelly (D:7)
  2 hounds (D:5)
  A gnoll bouda (D:7)
  A quasit (D:6)
  6 orc priests
  Crazy Yiuf (D:2)
  An iguana (D:5)
  3 sleepcaps (D:4)
  4 orc wizards
  8 mummies (Ossuary)
  10 gnolls
  6 adders
  3 shadow imps (D:6)
  5 white imps
  An ufetubus (D:6)
  2 dart slugs (D:4)
  14 orcs
  6 ball pythons
  4 endoplasms
  2 giant cockroaches
  2 gnoll zombies (Ossuary)
  4 goblins
  3 hobgoblins
  4 jackals (D:4)
  3 quokkas
  11 bats
  2 frilled lizards
  2 hobgoblin zombies (Ossuary)
  19 kobolds
  A kobold zombie (Ossuary)
  3 orc zombies (Ossuary)
  6 rats
212 creatures vanquished.

Vanquished Creatures (collateral kills)
  An anaconda (D:11)
  An oklob plant (D:10)
  An orc warrior (D:10)
  A killer bee (D:10)
  2 orc wizards (D:10)
  2 orcs (D:10)
8 creatures vanquished.

Vanquished Creatures (others)
  2 orc warriors (D:10)
  An orc wizard (D:10)
  2 orc priests (D:10)
  5 orcs
  A quokka (D:4)
  A ball python (D:10)
12 creatures vanquished.

Grand Total: 232 creatures vanquished

Notes
Turn   | Place    | Note
-------+----------+-------------------------------------------
     0 | D:1      | mopl the Hill Orc Fighter began the quest for the Orb.
     0 | D:1      | Reached XP level 1. HP: 19/19 MP: 1/1
    46 | D:1      | Found Fij Nuch's Antique Armour Shop.
    62 | D:1      | Reached skill level 3 in Axes
    90 | D:1      | Reached XP level 2. HP: 25/27 MP: 2/2
   338 | D:1      | Reached XP level 3. HP: 33/33 MP: 3/3
   552 | D:2      | Found a runed translucent door.
   553 | D:2      | Noticed Crazy Yiuf
   673 | D:2      | Reached skill level 4 in Fighting
  1005 | D:2      | Killed Crazy Yiuf
  1006 | D:2      | Reached skill level 4 in Axes
  1006 | D:2      | Reached skill level 1 in Dodging
  1006 | D:2      | Reached XP level 4. HP: 13/40 MP: 4/4
  1383 | D:3      | Found a broken altar of Ashenzari.
  1607 | D:3      | Noticed a phantom
  1616 | D:3      | Killed a phantom
  1617 | D:3      | Reached skill level 5 in Axes
  1617 | D:3      | Reached skill level 4 in Armour
  1617 | D:3      | Reached XP level 5. HP: 47/47 MP: 5/5
  1855 | D:4      | Found a sand-covered staircase.
  1866 | Ossuary  | Entered an ossuary
  1895 | Ossuary  | Reached XP level 6. HP: 48/55 MP: 6/6
  1910 | Ossuary  | Reached skill level 2 in Dodging
  1932 | Ossuary  | Reached skill level 5 in Fighting
  2091 | D:4      | Became a worshipper of Beogh the Brigand
  2102 | D:4      | Reached skill level 6 in Axes
  2172 | D:4      | Reached XP level 7. HP: 52/61 MP: 7/7
  2218 | D:4      | Reached skill level 1 in Invocations
  2341 | D:4      | Reached * piety under Beogh
  2587 | D:4      | Found a hide-covered altar of Uskayaw.
  2609 | D:4      | Reached skill level 7 in Axes
  2609 | D:4      | Reached skill level 5 in Armour
  2787 | D:4      | Reached skill level 2 in Invocations
  2836 | D:5      | Entered Level 5 of the Dungeon
  2869 | D:5      | Reached XP level 8. HP: 49/70 MP: 9/9
  2873 | D:5      | Found an ornate altar of the Wu Jian Council.
  2972 | D:5      | Reached skill level 1 in Throwing
  2972 | D:5      | Reached skill level 1 in Evocations
  3170 | D:5      | Reached skill level 3 in Dodging
  3175 | D:5      | Reached skill level 6 in Fighting
  3231 | D:5      | Found a staircase to the Ecumenical Temple.
  3244 | D:5      | Reached skill level 3 in Invocations
  3495 | D:6      | Noticed Grinder
  3518 | D:5      | Reached skill level 8 in Axes
  3642 | D:6      | Paralysed by Grinder for 2 turns
  3650 | D:6      | Killed Grinder
  3651 | D:6      | Reached skill level 2 in Throwing
  3651 | D:6      | Reached skill level 2 in Evocations
  3804 | D:6      | Noticed Prince Ribbit
  3831 | D:6      | Killed Prince Ribbit
  3832 | D:6      | Reached skill level 6 in Armour
  3832 | D:6      | Reached skill level 4 in Invocations
  3832 | D:6      | Reached XP level 9. HP: 9/78 MP: 10/12
  4220 | D:6      | Reached skill level 9 in Axes
  4321 | D:6      | Found a glowing silver altar of Zin.
  4322 | D:6      | Found a shimmering blue altar of Sif Muna.
  4393 | D:6      | Reached ** piety under Beogh
  4482 | D:7      | Noticed Joseph
  4497 | D:7      | Killed Joseph
  4617 | D:7      | Reached skill level 7 in Fighting
  4722 | D:7      | Reached skill level 3 in Throwing
  4722 | D:7      | Reached skill level 3 in Evocations
  4849 | D:7      | Reached skill level 4 in Dodging
  4849 | D:7      | Reached skill level 5 in Invocations
  4952 | D:7      | Found Neck's Distillery.
  4957 | D:7      | Bought a potion of lignification for 36 gold pieces
  4957 | D:7      | Bought a potion of mutation for 96 gold pieces
  4957 | D:7      | Bought a potion of haste for 120 gold pieces
  4957 | D:7      | Bought a potion of brilliance for 48 gold pieces
  4957 | D:7      | Bought a potion of might for 48 gold pieces
  4957 | D:7      | Bought 2 potions of enlightenment for 120 gold pieces
  5781 | D:7      | Learned a level 1 spell: Apportation
  6078 | D:8      | Noticed a hornet
  6086 | D:8      | Killed a hornet
  6087 | D:8      | Reached skill level 10 in Axes
  6103 | D:8      | Reached XP level 10. HP: 76/86 MP: 12/14
  6273 | D:7      | Reached *** piety under Beogh
  6274 | D:7      | Reached skill level 7 in Armour
  6632 | D:8      | Noticed Pikel
  6639 | D:8      | Killed Pikel
  6640 | D:8      | Reached skill level 6 in Invocations
  6640 | D:8      | Reached skill level 4 in Evocations
  6751 | D:8      | Reached skill level 4 in Throwing
  7099 | D:9      | Noticed a two-headed ogre
  7110 | D:9      | Killed a two-headed ogre
  7111 | D:9      | Reached skill level 8 in Fighting
  7111 | D:9      | Reached skill level 11 in Axes
  7184 | D:9      | Found a stormy altar of Qazlal.
  7187 | D:9      | Identified the ring of the Kangaroo {Drain rElec rN+ Str+9
                  | Dex-3}
  7285 | D:9      | Noticed a cyclops
  7299 | D:9      | Killed a cyclops
  7378 | D:9      | Reached XP level 11. HP: 84/95 MP: 14/16
  7382 | D:9      | Reached skill level 5 in Dodging
  7388 | D:9      | Noticed a two-headed hydra
  7405 | D:9      | Killed a two-headed hydra
  7406 | D:9      | Reached skill level 7 in Invocations
  7768 | D:9      | Reached skill level 12 in Axes
  7983 | D:10     | Entered Level 10 of the Dungeon
  7983 | D:10     | Found Hohapow's Magic Scroll Boutique.
  8000 | D:10     | Bought a scroll of enchant weapon for 90 gold pieces
  8000 | D:10     | Bought a scroll of fog for 48 gold pieces
  8000 | D:10     | Bought a scroll of teleportation for 36 gold pieces
  8003 | D:10     | Found a shimmering altar of Xom.
  8032 | D:10     | Noticed an oklob plant
  8032 | D:10     | Noticed Harold
  8036 | D:10     | Paralysed by a floating eye for 2 turns
  8047 | D:10     | Paralysed by a floating eye for 3 turns
  8054 | D:10     | Paralysed by a floating eye for 3 turns
  8059 | D:10     | Noticed an oklob plant
  8096 | D:10     | Killed Harold
  8097 | D:10     | Reached skill level 5 in Evocations
  8170 | D:10     | Noticed Psyche
  8182 | D:10     | Killed Psyche
  8183 | D:10     | Reached skill level 8 in Armour
  8212 | D:10     | Found a shadowy altar of Dithmenos.
  8214 | D:10     | Found a hazy altar of Hepliaklqana.
  8324 | D:10     | Gained Urtork as an ally
  8551 | D:10     | Killed an oklob plant
  8561 | D:10     | Your ally Urtork died
  8699 | D:10     | Killed an oklob plant
  8699 | D:10     | Reached **** piety under Beogh
  8700 | D:10     | Reached skill level 5 in Throwing
  8884 | D:10     | Bought a scroll of revelation for 90 gold pieces
  8884 | D:10     | Bought a scroll of vulnerability for 48 gold pieces
  9029 | D:11     | Noticed a two-headed ogre
  9040 | D:11     | Killed a two-headed ogre
  9041 | D:11     | Reached skill level 9 in Fighting
  9265 | D:11     | Found a staircase to the Lair.
  9447 | D:11     | Identified a scroll of acquirement
  9452 | D:11     | Acquired the ring "Oraelom" {+Blink rC+ rN+ SInv}
  9458 | D:11     | Noticed an anaconda
  9464 | D:11     | Noticed a skyshark
  9471 | D:11     | Found a runed translucent door.
  9474 | D:11     | Noticed an anaconda
  9475 | D:11     | Noticed an anaconda
  9483 | D:11     | Identified the +2 robe of Undesirable Species {Rampage
                  | Int-3 Slay+3}
  9499 | D:11     | Found the +2 pair of slick slippers {slick, slippery, EV+4}
  9503 | D:11     | Noticed an anaconda
  9503 | D:11     | Noticed a skyshark
  9517 | D:11     | Noticed a skyshark
  9520 | D:11     | Noticed a skyshark
  9641 | D:11     | Noticed a boulder beetle
  9676 | D:11     | Killed a boulder beetle
  9953 | D:11     | Killed an anaconda
  9954 | D:11     | Reached skill level 13 in Axes
  9954 | D:11     | Reached skill level 8 in Invocations
  9957 | D:11     | Killed an anaconda
  9958 | D:11     | Reached XP level 12. HP: 43/104 MP: 16/18
  9960 | D:11     | HP: 3/104 [anaconda (12)]
  9960 | D:11     | Constricted to death by an anaconda

Illustrated notes

Levels and vault maps discovered:
D:1:      lightli_iron_boxes, layout_rooms, serial_shops, shop,
          hangedman_decor_slide_cut, minmay_tetromino_o2
D:2:      layout_rooms, uniq_crazy_yiuf_cottage
D:3:      layout_basic, mainiacjoe_overflow_six_doors_small,
          kennysheep_generic_room_14
D:4:      layout_gridville, lemuel_round_altar, chequers_ossuary_entry_cave,
          serial_bayou_pond_d, minmay_misc_feat_columns, minmay_distorted
D:5:      layout_loops_cross, old_standard_altar,
          minmay_temple_entry_stoned_glass
D:6:      layout_basic, gammafunk_temple_overflow_pools, serial_demonic,
          serial_demonic_g, serial_demonic_a, serial_demonic_g,
          serial_demonic_a, uniq_grinder, uniq_prince_ribbit1
D:7:      layout_basic, serial_shops, nicolae_shop_hallway_plus,
          corexii_item_surrounded_by_moat, uniq_joseph
D:8:      layout_gridville, uniq_pikel
D:9:      layout_gridville, nicolae_overflow_crystal_walls, hangedman_ranch
D:10:     layout_cross, riverfiend_overflow_shadow_ancestor,
          mainiacjoe_overflow_alcove_1, serial_shops, shop, disabler_island,
          uniq_harold, uniq_psyche
D:11:     layout_roguey, erik_lair_dragon, minmay_misc_feat_chi,
          nicolae_guarded_unrand_slippers

Skill      XL: |  1  2  3  4  5  6  7  8  9 10 11 |
---------------+----------------------------------+-----
Axes           | 3 4 5 6 7 8 10 11 13 | 13.1
Fighting       | 4 5 6 7 8 9 |  9.3
Dodging        | 1 2 3 4 5 |  5.7
Armour         | 4 5 6 7 8 |  8.5
Invocations    | 2 4 5 6 8 |  8.0
Throwing       | 2 3 4 5 |  5.4
Evocations     | 2 3 4 5 |  5.7
Shields        | |  3.2

Action                     |  1- 3 |  4- 6 |  7- 9 | 10-12 || total
---------------------------+-------+-------+-------+-------++-------
  Melee: War axe           |    98 |     5 |       |       ||   103
         Unarmed           |     8 |       |       |     3 ||    11
         Battleaxe         |       |   110 |   299 |   193 ||   602
         Spear             |       |       |    38 |    16 ||    54
  Throw: Dart              |       |       |     1 |     8 ||     9
   Cast: Apportation       |       |       |     1 |       ||     1
 Invoke: Convert to Beogh  |       |     1 |       |       ||     1
    Use: Scroll            |       |       |     5 |     9 ||    14
         Potion            |       |       |       |     1 ||     1
   Stab: Distracted        |       |       |       |     2 ||     2
         Sleeping          |       |       |       |     1 ||     1
 Armour: Scale mail        |    59 |    32 |       |       ||    91
         Steam dragon scal |       |    15 |   160 |    66 ||   241
  Dodge: Dodged            |    76 |    97 |   393 |   212 ||   778
  Block: Buckler           |    32 |     1 |       |       ||    33

Table legend: (Time is in decaauts)
 A = Elapsed time spent in this place.
 B = Non-inter-level travel time spent in this place.
 C = Inter-level travel time spent in this place.
 D = Time resting spent in this place.
 E = Time spent auto-exploring this place.
 F = Levels seen in this place.
 G = Mean time per level.
                   A        B        C        D        E       F      G
               +--------+--------+--------+--------+--------+-----+--------+
         Total |  10131 |   9733 |    398 |   1570 |   6065 |  12 |  844.2 |
       Dungeon |   9935 |   9537 |    398 |   1570 |   5973 |  11 |  903.2 |
       Ossuary |    195 |    195 |      0 |      0 |     92 |   1 |  195.0 |
               +--------+--------+--------+--------+--------+-----+--------+

Top non-repeatable levels by time:
     D:7: 1689 daAuts
    D:11: 1027 daAuts
     D:9: 957 daAuts
    D:10: 942 daAuts
     D:6: 930 daAuts
     D:4: 915 daAuts
     D:8: 882 daAuts
     D:5: 758 daAuts
     D:3: 651 daAuts
     D:2: 611 daAuts
     D:1: 568 daAuts
 Ossuary: 195 daAuts
